 Dungeon Crawl Stone Soup version 0.26-a0-712-ga5a9c9c9d0 (webtiles) character file.

Game seed: 7124391600855734551

473010 tilp the Spry (level 23, -2/126 HPs)
             Began as a Spriggan Enchanter on Nov 9, 2020.
             Was the Champion of Dithmenos.
             Killed from afar by a wretched star (26 damage)
             ... with a lance of force
             ... on level 4 of the Abyss on Nov 10, 2020.
             The game lasted 04:09:57 (96091 turns).

tilp the Spry (Spriggan Enchanter)                 Turns: 96091, Time: 04:09:58

Health: -2/126     AC:  5    Str:  4      XL:     23   Next: 57%
Magic:  7/35       EV: 34    Int: 20 (21) God:    Dithmenos [******]
Gold:   3202       SH: 10    Dex: 18      Spells: 7/54 levels left

rFire    . . .     SeeInvis +   a - +9 dagger (flame)
rCold    + . .     Faith    +   D - +3 buckler {reflect}
rNeg     + . .     Spirit   .   I - +4 robe of the Fletcher {Str+2}
rPois    .         Reflect  +   (helmet restricted)
rElec    +         Harm     .   z - scarf {shadows}
rCorr    .         Rampage  .   (gloves unavailable)
MR       +++++                  (boots unavailable)
Stlth    ++++++++++             g - amulet "Obler" {Faith rElec rN+ MR++}
HPRegen  0.07/turn              (no ring)
MPRegen  0.24/turn              Q - ring "Xappa" {rC+ Int+2}

@: very slightly contaminated, slowed, lost strength, wreathed by umbra, quick
A: very small, unfitting armour, see invisible, deformed body, [deterioration
2], [dopey 2], speed 3, [low mp 2], [screaming 2], [weak 2]
}: 2/15 runes: decaying, serpentine
a: Shadow Step, Shadow Form, Renounce Religion


You were on level 4 of the Abyss.
You worshipped Dithmenos.
Dithmenos was exalted by your worship.
You visited 9 branches of the dungeon, and saw 44 of its levels.
You visited the Abyss 3 times.
You visited 1 bazaar.
You also visited: Ice Cave.

You collected 7942 gold pieces.
You spent 4740 gold pieces at shops.

Inventory:

Hand Weapons
 a - a +9 dagger of flaming (weapon)
 b - a +6 dagger of freezing
Missiles
 i - 3 throwing nets {!f}
 o - 15 curare-tipped darts
 G - 12 atropa-tipped darts (quivered)
Armour
 r - the +5 steam dragon scales of Nihilism {Int+6}
   (You acquired it on level 1 of the Orcish Mines)

   It affects your intelligence (+6).
 z - a scarf of shadows (worn)
 D - a +3 buckler of reflection (worn)
 I - the +4 robe of the Fletcher (worn) {Str+2}
   (You found it on level 1 of the Abyss)

   It affects your strength (+2).
Jewellery
 e - the ring of Light {rF++ MR++ AC+4 Str-5}
   (You bought it in a shop on level 2 of the Orcish Mines)

   [ring of protection]

   It affects your AC (+4).
   It affects your strength (-5).
   It greatly protects you from fire.
   It affects your resistance to hostile enchantments.
 g - the amulet "Obler" (around neck) {Faith rElec rN+ MR++}
   (You took it off a deep elf death mage on level 4 of the Depths)

   [amulet of faith]

   It allows you to gain divine favour quickly.
   It insulates you from electricity.
   It protects you from negative energy.
   It affects your resistance to hostile enchantments.
 p - the amulet of Vitality {Regen+ HP+15}
   (You found it on level 3 of the Depths)

   [amulet of regeneration]

   It affects your health (+15).
   It increases your rate of regeneration.
 B - an uncursed ring of protection from fire
 K - an uncursed ring of flight
 O - the amulet "Paxino" {RegenMP MR+}
   (You bought it in a shop on level 2 of the Orcish Mines)

   [amulet of magic regeneration]

   It increases your magic regeneration.
   It affects your resistance to hostile enchantments.
 P - an uncursed ring of poison resistance
 Q - the ring "Xappa" (right hand) {rC+ Int+2}
   (You bought it in a shop on level 2 of the Orcish Mines)

   [ring of protection from cold]

   It affects your intelligence (+2).
   It protects you from cold.
 Y - an uncursed ring of resist corrosion
Wands
 v - a wand of iceblast (45)
 w - a wand of acid (77)
 y - a wand of polymorph (44)
 J - a wand of digging (30)
 S - a wand of disintegration (35)
 V - a wand of paralysis (12)
Scrolls
 d - 10 scrolls of magic mapping
 f - 6 scrolls of amnesia
 k - 19 scrolls of teleportation
 m - 27 scrolls of remove curse
 x - 9 scrolls of blinking
 E - 9 scrolls of fear
 F - 2 scrolls of silence
 H - a scroll of summoning
 R - a scroll of enchant armour
 T - 25 scrolls of identify
 U - 4 scrolls of fog
Potions
 h - 9 potions of brilliance
 l - a potion of invisibility
 n - 6 potions of haste
 q - 6 potions of stabbing
 t - 8 potions of heal wounds
 u - 3 potions of ambrosia
 A - 4 potions of resistance
 C - 14 potions of curing
 L - 2 potions of cancellation
 Z - 5 potions of mutation
Miscellaneous
 c - a phial of floods
 j - a tin of tremorstones (3/3)
 s - a condenser vane (2/2)
 M - a box of beasts (3/3)
 N - a phantom mirror
 X - a lightning rod (4/4)


   Skills:
 - Level 15.0 Fighting
 - Level 10.0 Short Blades
 - Level 6.0 Throwing
 - Level 18.1 Dodging
 - Level 16.0 Stealth
 - Level 4.0 Shields
 + Level 16.3 Spellcasting
 + Level 12.7 Conjurations
 + Level 16.2 Hexes
 - Level 4.0 Translocations
 - Level 10.0 Transmutations
 - Level 6.0 Fire Magic
 - Level 10.3 Ice Magic
 + Level 11.3 Earth Magic
 - Level 10.0 Invocations
 + Level 16.5 Evocations


You had 7 spell levels left.
You knew the following spells:

 Your Spells              Type           Power        Failure   Level
a - Corona                Hex            #####..      0%          1
b - Ensorcelled Hibernat  Hex/Ice        ####..       1%          2
c - Confusing Touch       Hex            #####...     0%          3
d - Tukima's Dance        Hex            #####...     0%          3
e - Dazzling Flash        Conj/Hex       #####.       1%          3
f - Slow                  Hex            #####...     0%          2
g - Cause Fear            Hex            #####.....   1%          4
h - Petrify               Tmut/Erth      ####....     1%          4
i - Apportation           Tloc           ###...       1%          1
j - Bolt of Magma         Conj/Fire/Erth ####......   1%          5
k - Iron Shot             Conj/Erth      ####......   4%          6
l - Irradiate             Conj/Tmut      ####......   1%          5
m - Blink                 Tloc           N/A          1%          2
n - Invisibility          Hex            #####...     1%          6

Your spell library contained the following spells:

 Spells                   Type           Power        Failure   Level
 Beastly Appendage        Tmut           ####..       1%          1
 Foxfire                  Conj/Fire      ####         1%          1
 Magic Dart               Conj           ####         1%          1
 Shock                    Conj/Air       ###.         1%          1
 Sting                    Tmut/Pois      ###.         1%          1
 Passwall                 Tmut/Erth      ####....     1%          2
 Searing Ray              Conj           ####..       1%          2
 Wereblood                Tmut           ####....     1%          2
 Conjure Flame            Conj/Fire      ####....     1%          3
 Ignite Poison            Fire/Tmut/Pois ###.....     1%          3
 Inner Flame              Hex/Fire       ####....     1%          3
 Portal Projectile        Hex/Tloc       ####..       1%          3
 Spider Form              Tmut/Pois      ###.......   1%          3
 Static Discharge         Conj/Air       ###.....     1%          3
 Stone Arrow              Conj/Erth      ####..       1%          3
 Summon Guardian Golem    Hex/Summ       ###.....     1%          3
 Fulminant Prism          Conj/Hex       #####.....   1%          4
 Ice Form                 Ice/Tmut       ####....     1%          4
 Iskenderun's Mystic Bla  Conj/Tloc      ###.....     1%          4
 Leda's Liquefaction      Hex/Erth       #####.....   1%          4
 Sticky Flame             Conj/Fire      ####....     1%          4
 Blade Hands              Tmut           ####......   1%          5
 Iskenderun's Battlesphe  Conj           ####....     1%          5
 Lee's Rapid Deconstruct  Erth           ####......   1%          5
 Metabolic Englaciation   Hex/Ice        ####......   1%          5
 Yara's Violent Unravell  Hex/Tmut       ####......   1%          5
 Gell's Gravitas          Tloc           ###.......   2%          3
 Lesser Beckoning         Tloc           ###.......   2%          3
 Mephitic Cloud           Conj/Pois/Air  ###.....     2%          3
 Fireball                 Conj/Fire      ####......   2%          5
 Animate Skeleton         Necr           #.....       4%          1
 Pain                     Necr           #...         4%          1
 Summon Small Mammal      Summ           #...         4%          1
 Silence                  Hex/Air        ###.......   4%          5
 Summon Ice Beast         Ice/Summ       ###.....     5%          4
 Call Imp                 Summ           #.......     7%          2
 Corpse Rot               Necr/Air       N/A          7%          2
 Sublimation of Blood     Necr           #.........   7%          2
 Swiftness                Air            #.......     7%          2
 Passage of Golubria      Tloc           N/A          9%          4
 Lightning Bolt           Conj/Air       ###.......   9%          5
 Statue Form              Tmut/Erth      ####.....    9%          6
 Hydra Form               Tmut           ####......   12%         6
 Call Canine Familiar     Summ           #.......     14%         3
 Starburst                Conj/Fire      ####......   14%         6
 Alistair's Intoxication  Tmut/Pois      ###......    16%         5
 Orb of Destruction       Conj           ####......   21%         7
 Airstrike                Air            #.........   41%         4
 Animate Dead             Necr           #.........   41%         4
 Summon Lightning Spire   Summ/Air       #.......     41%         4
 Summon Forest            Summ/Tloc      ##........   50%         5
 Dragon Form              Tmut           ####......   54%         7
 Simulacrum               Ice/Necr       ###.......   63%         6
 Eringya's Noxious Bog    Tmut/Pois      ###.......   65%         6
 Excruciating Wounds      Necr           #.........   77%         5
 Dispersal                Tloc           ###.......   80%         6
 Spellforged Servitor     Conj/Summ      ###.......   95%         7
 Summon Hydra             Summ           #.........   100%        7
 Discord                  Hex            #####.....   36%         8
 Disjunction              Tloc           ###.......   100%        8
 Shatter                  Erth           ####......   100%        9


Dungeon Overview and Level Annotations

Branches:
Dungeon (15/15)            Temple (1/1) D:6            Lair (6/6) D:9
  Swamp (4/4) Lair:3        Snake (4/4) Lair:4        Slime (0/5) Lair:5
    Orc (2/2) D:9             Elf (3/3) Orc:2        Vaults (4/5) D:14
  Crypt (0/3) Vaults:3     Depths (5/5) D:15          IceCv (visited)
    Zot: Depths:5

Altars:
Ashenzari
Cheibriados
Dithmenos
Elyvilon
Fedhas
Gozag
Hepliaklqana
Kikubaaqudgha
Makhleb
Nemelex Xobeh
Okawaru
Qazlal
Ru
Sif Muna
Trog
Uskayaw
Vehumet
Wu Jian
Xom
Yredelemnul
Zin
The Shining One
Beogh

Shops:
D:8 [   D:10 (   D:15 (   Orc:1 =?   Orc:2 (=(?(   Snake:1 *!(   Vaults:4 :
Depths:2 }}=:

Portals:
Hell: Depths:1 Depths:2 Depths:3 Depths:4 Depths:5
Abyss: Depths:1 Depths:2 Depths:4
Pandemonium: Depths:2 Depths:3
Ziggurat: Depths:2

Annotations:
Lair:5 exclusion: 4 oklob plants
Elf:2 3 runed translucent doors
Vaults:4 3 runed translucent doors, Diggohao's ghost, adept DrWn
Depths:1 2 transporters


Innate Abilities, Weirdness & Mutations

You are very small and have problems with some larger weapons.
You are too small for most types of armour.
You have supernaturally acute eyesight. (SInv)
You cover ground extremely quickly.
Armour fits poorly on your strangely shaped body.
[Your body often deteriorates upon taking damage.]
[You are very dopey. (Int -4)]
[Your magical capacity is very low. (-20% MP)]
[You sometimes yell uncontrollably at your foes.]
[You are very weak. (Str -4)]


Message History

The deep elf mage disappears in a puff of smoke!
The wretched star is blasted with magical radiation!!
The wretched star is heavily damaged.
The wretched star glows turbulently.
Your +3 buckler of reflection reflects the lance of force!
The lance of force hits the wretched star!
The wretched star is knocked back by the lance of force.
A starcursed mass splits.
A chorus of shrieks assaults your mind.
* * * LOW HITPOINT WARNING * * *
The thorn hunter completely misses you. x2; A starcursed mass splits.
The thorn hunter completely misses you. x2
Unknown command.
Unknown command.
Okay, then.
Remove which piece of jewellery? (? for menu, Esc to quit)
You remove the ring of Light {rF++ MR++ AC+4 Str-5}.
The wretched star glows turbulently.
The lance of force hits you!!
You die...

.. ### ..
.. R#####.
##X..##
##X..§§##
#X§f#...#
###..@.*#
)##§..§##
#..#####§#
#. .###§#
# .†#§§##
#.∩.'§§#
#. .#.##
#.. ###
#.. #


You could see 3 starcursed masses, a thorn hunter (misshapen), a wretched star
and a rakshasa.

Vanquished Creatures
  A juggernaut (Depths:4)
  the Lernaean hydra (Swamp:4)
  A caustic shrike (Depths:2)
  A golden dragon (Depths:3)
  Nikola (Depths:2)
  2 bone dragons
  3 tentacled monstrosities
  Jorgrun (D:12)
  3 liches
  2 deep elf blademasters (Elf:3)
  A titan (Depths:4)
  A quicksilver dragon (Depths:4)
  3 deep elf master archers (Elf:3)
  5 tentacled starspawn
  A thorn hunter (Swamp:4)
  3 tengu reavers
  6 sphinxes
  A shadow dragon (Depths:5)
  2 storm dragons (Depths:3)
  Roxanne (D:15)
  9 fire giants
  2 orc warlords
  7 nagarajas
  8 frost giants
  8 deep elf sorcerers
  Aizul (Vaults:1)
  A draconian scorcher (Abyss:3)
  7 vault wardens
  Louise (Depths:2)
  6 deep elf elementalists
  12 very ugly things
  7 ironheart preservers
  A spriggan defender (Depths:3)
  Nessos (Orc:2)
  A vampire knight (Depths:2)
  14 stone giants
  2 entropy weavers
  4 deep elf demonologists
  9 deep elf annihilators
  10 deep elf death magi
  A purple draconian (Depths:4)
  2 spark wasps (Depths:2)
  Snorg (D:14)
  9 ettins
  8 fire dragons
  A green death (Depths:3)
  13 deep elf high priests
  9 great orbs of eyes
  4 yaktaur captains
  A merfolk javelineer (Abyss:4)
  26 hydras
  2 spriggan air magi
  8 rakshasas
  2 ghost crabs (Swamp:4)
  8 ice dragons
  19 naga warriors
  9 vault guards
  4 boulder beetles
  A death knight (Vaults:4)
  11 anacondas
  2 catoblepae
  6 centaur warriors
  A hell beast (Depths:5)
  A shambling mangrove (Swamp:2)
  7 tengu warriors
  17 dancing weapons
  9 alligators
  33 two-headed ogres
  3 death yaks (Lair:5)
  11 ogre magi
  6 deep troll earth magi
  3 hell hogs (Abyss:2)
  5 orc high priests
  2 deep troll shamans
  Urug (D:12)
  3 spriggan berserkers
  A vampire mage (Depths:1)
  5 thrashing horrors
  7 shock serpents
  4 spriggans
  16 deep elf knights
  3 soul eaters (Depths:5)
  Sonja (D:13)
  18 naga sharpshooters
  2 iron trolls
  A fire crab (shapeshifter) (Vaults:4)
  3 wretched stars
  2 sun demons
  5 hell knights
  2 spriggan druids (Swamp:4)
  A skeletal warrior (Vaults:4)
  26 deep trolls
  9 sea snakes (Snake:4)
  2 flayed ghosts
  3 unseen horrors
  14 swamp dragons
  6 naga ritualists
  2 glowing orange brains (Vaults:2)
  An obsidian statue (Depths:5)
  4 lindwurms (Lair:4)
  4 wizards
  13 ironbrand convokers
  7 necromancers
  19 deep elf archers
  The ghost of Azzok the Chopper, a novice DsBe of Trog (D:5)
  2 salamanders (shapeshifter)
  23 orc knights
  A tengu skeleton (Depths:1)
  20 ugly things
  A mana viper (shapeshifter) (Depths:3)
  12 orc sorcerers
  52 deep elf magi
  11 mana vipers
  A stone giant zombie (Depths:1)
  4 wolf spiders
  2 worldbinders
  7 cyclopes
  9 salamanders
  An iron dragon skeleton (Depths:1)
  Maurice (D:13)
  14 guardian serpents
  2 human skeletons (Vaults:3)
  11 naga magi
  An elephant (shapeshifter) (Elf:3)
  43 black mambas
  12 vault sentinels
  3 apocalypse crabs
  3 gargoyles
  An orange demon (Abyss:1)
  A black mamba (shapeshifter) (Vaults:2)
  3 rust devils
  5 smoke demons
  26 cane toads
  A hellion (Abyss:2)
  3 rime drakes
  A kobold demonologist (D:15)
  An emperor scorpion zombie (Abyss:1)
  2 freezing wraiths
  36 yaktaurs
  2 demonic crawlers
  An entropy weaver simulacrum (Vaults:2)
  A rime drake (shapeshifter) (Depths:4)
  3 ice devils (Depths:5)
  An efreet (D:13)
  11 komodo dragons
  8 tengu conjurers
  A hellwing (Abyss:2)
  2 red devils (Depths:5)
  9 ancient zymes
  9 trolls
  3 meliai (D:14)
  A tengu simulacrum (Vaults:3)
  A meliai (shapeshifter) (Depths:2)
  12 hornets
  12 polar bears
  25 blink frogs
  10 tyrant leeches
  A blink frog (shapeshifter) (D:14)
  30 slime creatures
  5 bog bodies
  An ettin zombie (Depths:1)
  5 dream sheep (Lair:4)
  11 raiju
  An air elemental (Elf:3)
  A deep troll skeleton (Depths:1)
  8 redbacks
  10 water elementals
  4 wraiths
  51 yaks
  4 ynoxinuls
  2 redbacks (shapeshifter)
  A tarantella (Vaults:4)
  A fire bat (Abyss:2)
  2 shadows
  5 fire elementals
  7 humans (D:14)
  20 wyverns
  2 humans (shapeshifter)
  A basilisk (shapeshifter) (Vaults:3)
  5 basilisks
  3 chaos spawn
  7 neqoxecs
  27 vampire mosquitoes
  A swamp worm (shapeshifter) (Depths:1)
  11 wargs
  A soldier ant (shapeshifter) (Vaults:4)
  2 soldier ants
  11 swamp worms
  An acid dragon (Vaults:2)
  14 insubstantial wisps
  17 hell hounds (Lair:6)
  15 large abominations
  76 nagas
  20 water moccasins
  60 orc warriors
  15 swamp drakes
  11 ice beasts
  3 phantoms
  4 sky beasts
  13 black bears
  2 necrophages
  2 eyes of draining
  An eye of draining (shapeshifter) (Vaults:4)
  A hornet zombie (D:9)
  13 boggarts
  34 ogres
  28 wolves
  18 centaurs
  3 elf zombies (Elf:1)
  A big kobold (D:12)
  2 human zombies (Vaults:3)
  23 bullfrogs
  A gnoll sergeant (Orc:1)
  2 earth elementals
  15 small abominations
  A water moccasin zombie (D:10)
  2 wyvern zombies
  A wyvern skeleton (D:15)
  2 scorpions
  2 human simulacra
  11 killer bees
  6 wights
  5 electric eels
  3 howler monkeys
  11 crimson imps (Depths:5)
  2 bullfrog zombies
  5 quasits
  6 starcursed masses
  An elf simulacrum (Abyss:2)
  7 hounds
  3 jellies
  26 orc wizards
  35 orc priests
  2 bullfrog skeletons
  3 centaur skeletons
  4 iron imps (Depths:5)
  5 worker ants
  An iguana (D:9)
  A centaur simulacrum (D:5)
  2 bullfrog simulacra (D:5)
  A hound zombie (D:6)
  A hound skeleton (D:6)
  3 howler monkey zombies
  A worker ant zombie (D:8)
  10 gnolls
  17 adders
  6 white imps
  An ufetubus (Abyss:2)
  An ooze (D:1)
  3 worms
  2 dart slugs
  7 leopard geckos
  153 orcs
  4 giant cockroaches
  7 goblins
  6 hobgoblins
  4 jackals (D:3)
  13 kobolds
  4 quokkas
  A quokka (shapeshifter) (Depths:4)
  7 bats
  6 frilled lizards
  A jackal zombie (D:5)
  A leopard gecko simulacrum (D:5)
  5 rats
  2 crawling corpses (Elf:3)
  A lurking horror (Abyss:4)
  A starspawn tentacle (Abyss:4)
2062 creatures vanquished.

Vanquished Creatures (collateral kills)
  Jory (Vaults:2)
  A thorn hunter (Swamp:4)
  A cacodemon (Abyss:1)
  A sixfirhy (Abyss:1)
  An apocalypse crab (Abyss:1)
  2 small abominations (Abyss:1)
  A gnoll (Orc:1)
  An orc (Vaults:1)
  2 briar patches (Swamp:4)
  2 starspawn tentacles (Abyss:1)
13 creatures vanquished.

Vanquished Creatures (others)
  A deep elf annihilator (Elf:3)
  A black mamba (Snake:2)
  3 dancing weapons
  A human (D:14)
  An ogre (Vaults:1)
  An orc priest (Orc:2)
  2 orc wizards (Orc:2)
  2 orcs
  A briar patch (Swamp:4)
  A bush (Abyss:1)
  11 demonic plants
  21 fulminant prisms
  34 fungi
  99 plants
  9 starspawn tentacles
188 creatures vanquished.

Grand Total: 2263 creatures vanquished

Notes
Turn   | Place    | Note
-------+----------+-------------------------------------------
     0 | D:1      | tilp the Spriggan Enchanter began the quest for the Orb.
     0 | D:1      | Reached XP level 1. HP: 9/9 MP: 5/5
   427 | D:1      | Reached XP level 2. HP: 13/13 MP: 6/6
   431 | D:1      | Learned a level 2 spell: Ensorcelled Hibernation
   440 | D:1      | Reached skill level 5 in Stealth
  1181 | D:2      | Reached XP level 3. HP: 16/16 MP: 5/8
  1186 | D:2      | Learned a level 3 spell: Confusing Touch
  1510 | D:2      | Reached XP level 4. HP: 2/21 MP: 6/9
  3391 | D:3      | Noticed an ogre
  3400 | D:3      | Killed an ogre
  3400 | D:3      | Reached XP level 5. HP: 23/24 MP: 5/10
  3941 | D:3      | Reached XP level 6. HP: 28/28 MP: 11/11
  4209 | D:3      | Learned a level 3 spell: Tukima's Dance
  4449 | D:4      | Reached skill level 5 in Short Blades
  4871 | D:4      | Reached XP level 7. HP: 31/32 MP: 11/13
  5098 | D:4      | Reached skill level 5 in Hexes
  5707 | D:5      | Entered Level 5 of the Dungeon
  5766 | D:5      | Found a runed translucent gate.
  5767 | D:5      | Found a runed translucent gate.
  5769 | D:5      | Found a runed translucent gate.
  6168 | D:5      | Noticed Azzok's ghost (novice DsBe)
  6243 | D:5      | Found an iron altar of Okawaru.
  6522 | D:5      | Reached XP level 8. HP: 35/36 MP: 12/15
  6973 | D:6      | Reached skill level 1 in Shields
  7579 | D:6      | Found a staircase to the Ecumenical Temple.
  7631 | Temple   | Entered the Ecumenical Temple
  7943 | Temple   | Became a worshipper of Dithmenos the Shadowed
  8458 | D:7      | Reached skill level 1 in Fighting
  8460 | D:7      | Reached skill level 4 in Dodging
  8762 | D:7      | Reached * piety under Dithmenos
  8764 | D:7      | Reached skill level 5 in Dodging
  8764 | D:7      | Reached XP level 9. HP: 42/42 MP: 13/16
  8816 | D:7      | Learned a level 3 spell: Dazzling Flash
  9195 | D:8      | Found Ximutogeca's Antique Armour Emporium.
  9232 | D:8      | Reached skill level 6 in Dodging
  9375 | D:8      | Reached skill level 7 in Dodging
  9541 | D:8      | Noticed a two-headed ogre
  9547 | D:8      | Reached skill level 8 in Dodging
  9570 | D:8      | Killed a two-headed ogre
  9661 | D:8      | Reached skill level 10 in Stealth
 10562 | D:5      | Killed Azzok's ghost
 10562 | D:5      | Reached XP level 10. HP: 23/49 MP: 17/17
 11132 | D:9      | HP: 1/49 [orc warrior/+0 glaive (18)]
 11433 | D:9      | Found a staircase to the Lair.
 11662 | D:9      | Reached ** piety under Dithmenos
 11874 | D:9      | Found a staircase to the Orcish Mines.
 11897 | D:9      | Reached skill level 1 in Invocations
 11962 | D:9      | Reached skill level 1 in Conjurations
 12296 | D:9      | Found a roughly hewn altar of Beogh.
 12585 | D:9      | Noticed a two-headed ogre
 12593 | D:9      | Killed a two-headed ogre
 12753 | D:9      | Reached skill level 5 in Evocations
 13273 | D:9      | Found a basalt altar of Yredelemnul.
 13491 | D:10     | Entered Level 10 of the Dungeon
 13504 | D:10     | Reached skill level 5 in Spellcasting
 13504 | D:10     | Reached XP level 11. HP: 51/51 MP: 19/19
 13668 | D:10     | Found Hykkunecw's Antique Weapon Shoppe.
 13754 | D:10     | Reached *** piety under Dithmenos
 13767 | D:10     | Got a pitted rapier
 13768 | D:10     | Identified the +6 rapier of Drought {holy, rC+ MR- Str+7}
                  | (You found it on level 10 of the Dungeon)
 13888 | D:10     | Reached skill level 9 in Dodging
 15007 | D:11     | Noticed a deep elf mage
 15022 | D:11     | Killed a deep elf mage
 15295 | D:11     | Noticed an unseen horror
 15297 | D:11     | Killed an unseen horror
 16073 | D:12     | Noticed an unseen horror
 16080 | D:12     | Killed an unseen horror
 16087 | D:12     | Reached **** piety under Dithmenos
 16091 | D:12     | Reached skill level 10 in Dodging
 16103 | D:12     | Found a roughly hewn altar of Beogh.
 16593 | D:12     | Noticed a wizard
 16598 | D:12     | Killed a wizard
 16598 | D:12     | Reached XP level 12. HP: 54/58 MP: 17/22
 16757 | D:12     | Noticed Urug
 16762 | D:12     | Killed Urug
 16866 | D:12     | Reached skill level 5 in Fighting
 17153 | D:12     | Found a snail-covered altar of Cheibriados.
 17347 | D:13     | Noticed Maurice
 17355 | D:13     | Killed Maurice
 17372 | D:13     | Reached skill level 10 in Hexes
 17412 | D:13     | Found a basalt altar of Yredelemnul.
 17526 | D:13     | Noticed Jorgrun
 17652 | Lair:1   | Entered Level 1 of the Lair of Beasts
 17727 | Lair:1   | Found a frozen archway.
 17737 | IceCv    | Entered an ice cave
 17748 | IceCv    | Reached skill level 10 in Short Blades
 17779 | IceCv    | Reached skill level 11 in Dodging
 17971 | Lair:1   | Noticed a five-headed hydra
 17996 | Lair:1   | Killed a five-headed hydra
 18475 | Lair:1   | Got a smoking ivory ring
 18790 | Lair:2   | Reached skill level 12 in Dodging
 18797 | Lair:2   | Reached skill level 15 in Stealth
 18992 | Lair:2   | Noticed an eight-headed hydra
 19001 | Lair:2   | Killed an eight-headed hydra
 19335 | Lair:2   | Noticed an eight-headed hydra
 19348 | Lair:2   | Killed an eight-headed hydra
 19348 | Lair:2   | Reached skill level 13 in Dodging
 19496 | Lair:2   | Noticed a catoblepas
 19501 | Lair:2   | Killed a catoblepas
 19579 | Lair:2   | Reached XP level 13. HP: 48/64 MP: 4/23
 19682 | Lair:2   | Identified the ring "Hitaown" {rF- rC+ rN++ Int+3 Stlth-}
                  | (You found it on level 1 of the Lair of Beasts)
 20262 | Lair:3   | Reached skill level 14 in Dodging
 20679 | Lair:3   | Reached skill level 15 in Dodging
 21584 | Lair:3   | Found a staircase to the Swamp.
 21707 | Lair:3   | Reached skill level 16 in Dodging
 22094 | Lair:4   | Got a slimy amethyst amulet
 22095 | Lair:4   | Identified the amulet "Ewnor" {Inacc rPois MP+9 Int+5
                  | Stlth-} (You found it on level 4 of the Lair of Beasts)
 22161 | Lair:4   | Reached skill level 1 in Ice Magic
 22363 | Lair:4   | Found a staircase to the Snake Pit.
 22542 | Lair:4   | Reached ***** piety under Dithmenos
 22988 | Lair:5   | Reached skill level 5 in Invocations
 23677 | Lair:5   | Reached XP level 14. HP: 69/69 MP: 17/24
 23695 | Lair:5   | Found a staircase to the Slime Pits.
 23773 | Lair:5   | Learned a level 2 spell: Slow
 23778 | Lair:5   | Learned a level 4 spell: Cause Fear
 23895 | Lair:5   | Reached skill level 5 in Ice Magic
 24202 | Lair:5   | Learned a level 4 spell: Fulminant Prism
 24238 | Lair:6   | Entered Level 6 of the Lair of Beasts
 25620 | Lair:6   | Identified the Incunabulum of Intoxication and
                  | Confrontation
 27840 | Orc:1    | Entered Level 1 of the Orcish Mines
 27842 | Orc:1    | Found Bouwigo's Magic Scroll Emporium.
 27853 | Orc:1    | Bought a scroll of brand weapon for 220 gold pieces
 27853 | Orc:1    | Bought a scroll of acquirement for 572 gold pieces
 27854 | Orc:1    | Bought a scroll of enchant weapon for 82 gold pieces
 27854 | Orc:1    | Bought a scroll of brand weapon for 220 gold pieces
 27854 | Orc:1    | Bought a scroll of enchant weapon for 82 gold pieces
 27861 | Orc:1    | Acquired the +5 steam dragon scales of Nihilism {Int+6}
 28132 | Orc:1    | Reached ****** piety under Dithmenos
 28641 | Orc:1    | Found Tyun's Jewellery Boutique.
 29527 | Orc:2    | Entered Level 2 of the Orcish Mines
 29743 | Orc:2    | Noticed Nessos
 29935 | Orc:2    | Killed Nessos
 29935 | Orc:2    | Reached skill level 10 in Evocations
 30404 | Orc:2    | Noticed an orc warlord
 30609 | Orc:1    | Reached XP level 15. HP: 76/76 MP: 24/29
 30710 | Orc:1    | Killed an orc warlord
 31396 | Orc:2    | Found a staircase to the Elven Halls.
 31463 | Orc:2    | Found Gusidy's Antique Weapon Shoppe.
 32472 | Orc:2    | Found Keykugh's Antique Weapon Shoppe.
 32472 | Orc:2    | Found Naugiopin's Magic Scroll Boutique.
 32489 | Orc:2    | Found Hank's Jewellery Shoppe.
 32489 | Orc:2    | Found Mottudytz's Antique Weapon Boutique.
 32563 | Orc:2    | Bought a scroll of enchant weapon for 112 gold pieces
 32589 | Orc:2    | Bought the ring of Light {rF++ MR++ AC+4 Str-5} for 700
                  | gold pieces
 32589 | Orc:2    | Bought the amulet "Paxino" {RegenMP MR+} for 511 gold
                  | pieces
 32589 | Orc:2    | Bought the ring "Xappa" {rC+ Int+2} for 434 gold pieces
 32785 | D:12     | Killed Jorgrun
 33155 | D:13     | Reached skill level 10 in Spellcasting
 33268 | D:13     | Noticed Sonja
 33271 | D:13     | Killed Sonja
 34690 | D:14     | Noticed Snorg
 34693 | D:14     | Killed Snorg
 35343 | D:14     | Found a glowing golden altar of the Shining One.
 35680 | D:14     | Found a gate to the Vaults.
 35849 | D:15     | Entered Level 15 of the Dungeon
 35855 | D:15     | Found a staircase to the Depths.
 35890 | D:15     | Reached skill level 10 in Fighting
 36085 | D:15     | Found a snail-covered altar of Cheibriados.
 36115 | D:15     | Identified Roxanne's Tome of Earth
 36115 | D:15     | Noticed Roxanne
 36256 | D:15     | Found Uwidelly's Antique Weapon Boutique.
 36945 | Snake:1  | Entered Level 1 of the Snake Pit
 36953 | Snake:1  | Reached XP level 16. HP: 70/84 MP: 28/31
 37116 | Snake:1  | Found Lyboll's Antique Weapon Shoppe.
 37119 | Snake:1  | Found Belosualab's Distillery.
 37120 | Snake:1  | Found Erphar's Assorted Antiques.
 37125 | Snake:1  | Bought a potion of mutation for 96 gold pieces
 37125 | Snake:1  | Bought a potion of invisibility for 96 gold pieces
 38168 | Snake:1  | Reached skill level 5 in Conjurations
 41629 | Snake:4  | Entered Level 4 of the Snake Pit
 43210 | Snake:4  | Reached XP level 17. HP: 92/92 MP: 30/32
 46325 | Snake:4  | Reached skill level 15 in Hexes
 46547 | Snake:4  | Reached skill level 10 in Ice Magic
 46992 | Snake:4  | Got a serpentine rune of Zot
 47212 | Swamp:1  | Entered Level 1 of the Swamp
 48850 | Swamp:2  | Reached XP level 18. HP: 75/97 MP: 19/34
 51316 | Swamp:4  | Entered Level 4 of the Swamp
 51476 | Swamp:4  | Found a basalt altar of Yredelemnul.
 51919 | Swamp:4  | Found an ancient bone altar of Kikubaaqudgha.
 53500 | Swamp:4  | Noticed the 27-headed Lernaean hydra
 53552 | Swamp:4  | Killed the 27-headed Lernaean hydra
 53958 | Swamp:4  | Got a decaying rune of Zot
 54455 | Elf:1    | Entered Level 1 of the Elven Halls
 55504 | Elf:1    | Reached skill level 15 in Fighting
 55506 | Elf:1    | Reached skill level 1 in Throwing
 56379 | Elf:1    | Identified the Disquisition on Black Arts
 56714 | Vaults:1 | Entered Level 1 of the Vaults
 56820 | Vaults:1 | Identified the cursed +1 dagger "Orb Guardian's Curse"
                  | {elec, +Rage rElec rN+++ Str-2} (You found it on level 1 of
                  | the Vaults)
 56850 | Vaults:1 | Reached skill level 5 in Throwing
 56850 | Vaults:1 | Reached XP level 19. HP: 107/107 MP: 36/36
 57198 | Vaults:1 | Noticed Aizul
 57217 | Vaults:1 | Killed Aizul
 59283 | D:15     | Killed Roxanne
 59290 | D:15     | Learned a level 3 spell: Stone Arrow
 59295 | D:15     | Learned a level 4 spell: Petrify
 59301 | D:15     | Learned a level 5 spell: Irradiate
 60166 | Vaults:2 | Noticed Jory
 60184 | Vaults:2 | Killed Jory
 61694 | Vaults:2 | Reached skill level 10 in Conjurations
 61694 | Vaults:2 | Reached skill level 15 in Evocations
 61965 | Vaults:2 | Reached skill level 1 in Transmutations
 62160 | Vaults:3 | Reached skill level 1 in Earth Magic
 62860 | Vaults:3 | Noticed a bone dragon
 62861 | Vaults:3 | Found a staircase to the Crypt.
 62879 | Vaults:3 | Killed a bone dragon
 63225 | Vaults:3 | Reached XP level 20. HP: 112/112 MP: 31/37
 63789 | Vaults:4 | Found Hevaxzoipo's Book Emporium.
 63822 | Vaults:4 | Bought a book of Party Tricks for 850 gold pieces
 63822 | Vaults:4 | Bought a book of Power for 765 gold pieces
 63828 | Vaults:4 | Learned a level 5 spell: Bolt of Magma
 63837 | Vaults:4 | Learned a level 6 spell: Iron Shot
 63839 | Vaults:4 | Learned a level 1 spell: Apportation
 64352 | Vaults:4 | Found a runed translucent gate.
 64594 | Vaults:4 | Found a runed translucent gate.
 64594 | Vaults:4 | Found a runed translucent gate.
 64620 | Vaults:4 | Noticed Diggohao's ghost (adept DrWn)
 64786 | Vaults:4 | Reached skill level 5 in Transmutations
 64882 | Vaults:4 | Reached skill level 5 in Earth Magic
 65352 | Vaults:4 | Reached skill level 17 in Dodging
 65985 | Elf:2    | Cast into level 3 of the Abyss (+1 broad axe of distortion)
 65993 | Abyss:3  | Found a corrupted altar of Lugonu.
 66141 | Elf:2    | Escaped the Abyss
 67277 | Elf:2    | Reached skill level 10 in Invocations
 67821 | Elf:2    | Found a runed translucent gate.
 67821 | Elf:2    | Found a runed translucent gate.
 67822 | Elf:2    | Found a runed translucent gate.
 68062 | Elf:3    | Entered Level 3 of the Elven Halls
 69500 | Elf:3    | Reached skill level 1 in Fire Magic
 71880 | Elf:3    | Identified the +6 broad axe of the Known World {distort,
                  | *Contam rC+ Str+4 Int+4}
 72082 | Elf:3    | Cast into level 2 of the Abyss (deep elf knight)
 72207 | Abyss:2  | Found a corrupted altar of Lugonu.
 72621 | Abyss:2  | Reached XP level 21. HP: 99/116 MP: 21/38
 72721 | Abyss:2  | Reached skill level 18 in Dodging
 73306 | Abyss:2  | Noticed a profane servitor
 73819 | Elf:3    | Escaped the Abyss
 77236 | Elf:3    | Reached skill level 10 in Transmutations
 77827 | Elf:3    | Found the +3 Elemental Staff {rElec rF++ rC++ MR++ AC+5}
 77928 | Elf:3    | Identified the ring "Vidaakutz" {Wiz Dex+4} (You found it
                  | on level 3 of the Elven Halls)
 78003 | Elf:3    | Learned a level 2 spell: Blink
 78013 | Elf:3    | Identified Tetur's Compendium of Flying Conjuration
 78067 | Elf:3    | Identified the +7 arbalest of Kismet {freeze, rC+ Int+4}
                  | (You found it on level 3 of the Elven Halls)
 78413 | Depths:1 | Entered Level 1 of the Depths
 78868 | Depths:1 | Found a transporter.
 79006 | Depths:1 | Found a one-way gate to the infinite horrors of the Abyss.
 79078 | Depths:1 | Found a transporter.
 79165 | Depths:1 | Found a gateway to Hell.
 79310 | Depths:2 | Found Hoyvug's Gadget Shop.
 79311 | Depths:2 | Found Jiohir's Jewellery Emporium.
 79312 | Depths:2 | Found Eptudoell's Gadget Shop.
 79348 | Depths:2 | Reached skill level 1 in Translocations
 80135 | Depths:2 | Noticed a caustic shrike
 81232 | Depths:2 | Noticed Nikola
 81391 | Depths:2 | Reached XP level 22. HP: 105/121 MP: 35/41
 81672 | Depths:2 | Killed a caustic shrike
 81982 | Depths:2 | Killed Nikola
 82643 | Depths:2 | Noticed Louise
 82654 | Depths:2 | Killed Louise
 82740 | Depths:2 | Found Vaonatt's Book Shoppe.
 82782 | Depths:2 | Found a gateway to a ziggurat.
 82835 | Depths:2 | Found a one-way gate leading to the halls of Pandemonium.
 83297 | Depths:3 | Found a runed translucent door.
 83298 | Depths:3 | Found the amulet of Vitality {Regen+ HP+15}
 83301 | Depths:3 | Noticed a golden dragon
 83303 | Depths:3 | Found a runed translucent door.
 83304 | Depths:3 | Killed a golden dragon
 83304 | Depths:3 | Reached skill level 15 in Spellcasting
 83384 | Depths:3 | Reached skill level 10 in Earth Magic
 83447 | Depths:3 | Found a runed translucent door.
 83461 | Depths:3 | Found a runed translucent door.
 83496 | Depths:3 | Identified Vywau's Disquisition on Poisonous Orientation
 83801 | Depths:3 | Identified the +7 morningstar "Uneuda Sivau" {holy, rN+
                  | Int+4}
 86566 | Depths:3 | You fall into a shaft and drop 2 floors!
 86566 | Depths:5 | Entered Level 5 of the Depths
 86915 | Depths:5 | Found a flickering gateway to a bazaar.
 86930 | Bazaar   | Entered a bazaar
 86930 | Bazaar   | Found Rahuekuxu's General Store.
 86930 | Bazaar   | Found Juogeodgh's Antique Weapon Shop.
 86978 | Bazaar   | Found Vuodibec's Antique Armour Shop.
 88943 | Depths:3 | Reached skill level 5 in Fire Magic
 89411 | Depths:4 | Learned a level 6 spell: Invisibility
 89763 | Depths:4 | Identified the amulet "Obler" {Faith rElec rN+ MR++}
 90258 | Depths:4 | Reached XP level 23. HP: 97/126 MP: 39/43
 90478 | Depths:5 | Noticed a juggernaut
 91478 | Depths:4 | Killed a juggernaut
 93295 | Depths:1 | Voluntarily entered the Abyss.
 93410 | Abyss:1  | Got an ominously black robe
 93413 | Abyss:1  | Paralysed by accursed screaming for 1 turns
 93438 | Abyss:1  | Identified the +4 robe of the Fletcher {Str+2} (You found
                  | it on level 1 of the Abyss)
 93565 | Abyss:1  | Gained mutation: Armour fits poorly on your strangely
                  | shaped body. [a neqoxec]
 95033 | Abyss:3  | Found a transporter.
 96051 | Abyss:4  | Found a corrupted altar of Lugonu.
 96085 | Abyss:4  | Lost strength.
 96091 | Abyss:4  | Killed from afar by a wretched star

Illustrated notes

Levels and vault maps discovered:
D:1:      minmay_arrival_stone_box, layout_rooms, minmay_misc_feat_iff
D:2:      layout_basic, serial_corexii_hall, chequers_hall_statues_wall_a,
          corexii_hall_statues_deadend
D:3:      layout_rooms
D:4:      layout_basic
D:5:      layout_basic, gammafunk_ghost_icy, okawaru_trees_1
D:6:      layout_gridville, minmay_temple_entry_crystal_x
D:7:      layout_rooms, serial_corexii_hall, chequers_hall_statues_corner_a,
          corexii_hall_statues_i, st_stairs_13
D:8:      layout_basic, serial_shops, nicolae_shop_behind_doors,
          minmay_tree_intersection
D:9:      kennysheep_spiral_hall, layout_irregular_city, kennysheep_mini_moat,
          minmay_lair_entry_grove, minmay_orc_entry_temple_small
D:10:     layout_loops_ring, serial_shops, shop
D:11:     layout_cave_pods
D:12:     layout_roguey [special_room_orc], basic_altar, uniq_urug
D:13:     layout_cave_pools, basic_altar, uniq_maurice, uniq_jorgrun, uniq_sonja
D:14:     layout_rooms, ximxim_vaults_locker_room, basic_altar,
          minmay_misc_feat_five, uniq_snorg
D:15:     grunt_enter_depths_hoard, layout_basic, serial_shops,
          nicolae_shop_behind_doors, cheibriados_altar_1, uniq_roxanne
Temple:   nicolae_temple_the_god_donut
Lair:1:   layout_cave_shapes, portal_ice_cave_entry_pillars_2,
          chequers_serial_rivers_room_b, chequers_serial_rivers_large_a
Lair:2:   layout_chaotic_city
Lair:3:   layout_small_grid, nicolae_swamp_entry_splash_gauntlet,
          fungi_pond_lemuel
Lair:4:   layout_roguey, minmay_snake_entry_guardpost_small,
          minmay_lindwurm_lava, grunt_megastairs_4, lemuel_fruit_tree
Lair:5:   layout_regular_city, minmay_slime_entry_oklob_open
Lair:6:   hangedman_lair_tendril_chambers, layout_layer_cave,
          hangedman_lair_caniforms_friends
Swamp:1:  layout_basic_swamp, nicolae_swamp_rocky_clearing, st_swamp_mini
Swamp:2:  layout_basic_swamp, evilmike_swamp_ruin_house_4, swamp_pool5,
          infiniplex_staircase_pool
Swamp:3:  layout_basic_swamp, evilmike_swamp_ruin_house_5
Swamp:4:  swamp_old_school, layout_basic_swamp, swamp_pool4,
          nicolae_swamp_godswood, nicolae_swamp_round_clearing,
          lemuel_altar_in_water
Snake:1:  layout_layer_cave, minmay_shop_star
Snake:2:  layout_grid_maze
Snake:3:  layout_rooms
Snake:4:  grunt_snake_rune_pools, layout_cave_shapes
Orc:1:    layout_caves, serial_shops, shop, shop
Orc:2:    grunt_orc_tribal_feast, layout_caves, serial_shops, shop, uniq_nessos
Elf:1:    eino_elf_arrival_the_gate, layout_loops_cross, minmay_elf_necromancy
Elf:2:    layout_geoelf_diagonals, special_room [special_room_orc], uniq_louise
Elf:3:    minmay_elf_hall_hex, layout_geoelf_castle
Vaults:1: hangedman_vaults_river_flow, nicolae_vaults_windows_and_doors_thing,
          nicolae_vaults_stairing_the_circle, nicolae_vaults_ninety_degrees,
          vaults_standard_mumra_x, nicolae_vaults_ring_of_whatevers,
          v_pattern_1, vaults_dpeg_spiral, v_misc_19,
          vaults_room_stairs_pillars, layout_vaults_maze_bifur, uniq_aizul
Vaults:2: v_misc_28, hangedman_vaults_corner, ontoclasm_vaults_ring_large,
          v_alt_pattern_5, v_alt_pattern_1, hangedman_vaults_corner_blocks,
          ontoclasm_vaults_chip, vaults_dpeg_hooks, serial_ice_m,
          vaults_room_pools, layout_vaults_chaotic_city, uniq_jory
Vaults:3: vaults_dpeg_doors, minmay_crypt_entry_nasty_monster,
          ontoclasm_vaults_spin, v_misc_32, nicolae_vaults_rhombus_6,
          vaults_dpeg_ring, layout_vaults_omnigrid
Vaults:4: gammafunk_vaults_ghost_split, vaults_room_grunt_arrival_checkpoint,
          nicolae_vaults_specimen_jars, nicolae_vaults_twisting_passages,
          vaults_room_hallway, v_alt_pattern_6, ontoclasm_vaults_ring_large,
          ontoclasm_vaults_ring_large, ontoclasm_vaults_loading_screen,
          hangedman_vaults_nails, vaults_room_glass_cross,
          nicolae_vaults_alarming, ontoclasm_vaults_decontamination, v_misc_25,
          v_misc_5, layout_vaults_ring, serial_shops, shop_statue
Depths:1: gammafunk_dig_for_victory, layout_small_grid, abyss_entry,
          serial_bayou_pond_b, hell_entry, lemuel_old_faithful
Depths:2: minmay_the_grid_net [minmay_the_grid_garden,
          minmay_the_grid_medium_cups, minmay_the_grid_pillar_ring,
          minmay_the_grid_empty, minmay_the_grid_small_cups,
          minmay_the_grid_prize_four_corners_diamond_b], layout_basic,
          enter_ziggurat_a, nicolae_abyss_entry_one_way_or_another,
          pf_hell_entry_tar_spiral, pan_entry, eino_curves_04, serial_shops,
          shop, minmay_shop_grove, uniq_nikola
Depths:3: impenetrable_vault, layout_basic, hell_entry, rand_demon_pan_entry_8,
          infiniplex_staircase_door_maze, grunt_megastairs_5
Depths:4: minmay_tri_box, layout_long_grid,
          hangedman_abyss_or_decor_jellyfish_corner, grunt_hell_entry_dis_old,
          abyss_entry, kennysheep_windowed_goal, infiniplex_staircase_diamond
Depths:5: grunt_zot_entry_alcove, layout_cave_shapes, serial_shops,
          bzr_in_the_mist, grunt_hell_entry_demonic_statue,
          minmay_strange_pillars
Abyss:4:  base: Temple, minivault_24,
          evilmike_nicolae_abyss_rune_betentacled_crabyss,
          evilmike_abyss_exit_8, evilmike_abyss_exit_8,
          grunt_abyss_rune_forest_and_sorcery, minivault_24,
          hangedman_steaming_rock, evilmike_abyss_exit_plants,
          hangedman_shadowy_showcase, gammafunk_abyss_rune_reverse_zot,
          evilmike_abyss_exit_plants, evilmike_abyss_exit_kraken,
          grunt_abyss_rune_wretched_hive, nicolae_abyss_rune_left_handed

Skill      XL: |  1  2  3  4  5  6  7  8  9 10 11 12 13 14 15 16 17 18 19 20 21 22 23 |
---------------+----------------------------------------------------------------------+-----
Stealth        | 5 6 7 8 10 12 13 16 | 16.0
Short Blades   | 2 3 4 5 7 8 9 10 | 10.0
Evocations     | 4 5 6 7 10 12 15 16 | 16.5
Spellcasting   | 3 4 5 6 9 10 11 12 14 15 16 | 16.3
Hexes          | 4 7 8 9 10 11 12 15 16 | 16.2
Shields        | 4 |  4.0
Fighting       | 2 3 4 6 8 10 11 12 15 | 15.0
Dodging        | 5 8 10 13 16 17 18 | 18.1
Invocations    | 2 4 5 6 8 10 | 10.0
Conjurations   | 1 2 3 4 7 8 10 11 12 | 12.7
Ice Magic      | 4 6 8 10 | 10.3
Throwing       | 5 6 |  6.0
Transmutations | 2 8 10 | 10.0
Earth Magic    | 2 6 8 10 11 | 11.3
Fire Magic     | 1 4 5 6 |  6.0
Translocations | 4 |  4.0

Action                   |  1- 3 |  4- 6 |  7- 9 | 10-12 | 13-15 | 16-18 | 19-21 | 22-24 || total
-------------------------+-------+-------+-------+-------+-------+-------+-------+-------++-------
Melee: Dagger            |    38 |   165 |   288 |   608 |  1321 |  1396 |  1295 |   730 ||  5841
       Rapier            |       |       |       |    29 |       |       |       |       ||    29
Throw: Dart              |       |       |       |       |     1 |       |       |       ||     1
 Cast: Corona            |     2 |     3 |     2 |       |     2 |    18 |     4 |       ||    31
       Ensorcelled Hiber |    12 |    44 |    43 |   116 |   373 |   339 |   222 |   155 ||  1304
       Confusing Touch   |     1 |     2 |    19 |    14 |    45 |    55 |    58 |    49 ||   243
       Dazzling Flash    |       |       |       |    24 |   103 |   211 |   155 |    40 ||   533
       Tukima's Dance    |       |       |       |       |    11 |     3 |     4 |    10 ||    28
       Fulminant Prism   |       |       |       |       |       |    21 |       |       ||    21
       Iron Shot         |       |       |       |       |       |       |   217 |   201 ||   418
       Bolt of Magma     |       |       |       |       |       |       |    39 |    15 ||    54
       Petrify           |       |       |       |       |       |       |     9 |     4 ||    13
       Apportation       |       |       |       |       |       |       |     5 |       ||     5
       Irradiate         |       |       |       |       |       |       |    26 |    26 ||    52
       Cause Fear        |       |       |       |       |       |       |       |     2 ||     2
       Blink             |       |       |       |       |       |       |       |     2 ||     2
Invok: Shadow Step       |       |       |       |     5 |     7 |     8 |     3 |     5 ||    28
Evoke: Wand              |       |       |     3 |       |     6 |    10 |     4 |     2 ||    25
       Box of beasts     |       |       |       |       |       |     2 |     1 |     1 ||     4
       Condenser vane    |       |       |       |       |       |       |       |     2 ||     2
  Use: Scroll            |     4 |     2 |     4 |    20 |    21 |     7 |     8 |    10 ||    76
       Potion            |       |       |       |     1 |     2 |     1 |     1 |     2 ||     7
 Stab: Sleeping          |    15 |    32 |    46 |   103 |   251 |   243 |   217 |    98 ||  1005
       Distracted        |     1 |       |     3 |     2 |     5 |       |     7 |     8 ||    26
       Confused          |     1 |     3 |    21 |    15 |    48 |    38 |    50 |    46 ||   222
       Invisible         |       |       |       |    19 |    98 |   135 |   112 |    28 ||   392
       Petrified         |       |       |       |       |       |       |     3 |     1 ||     4
Armor: Robe              |     1 |     7 |     5 |    10 |    25 |       |       |     4 ||    52
       Steam dragon scal |       |       |       |       |    38 |   102 |    97 |    31 ||   268
Dodge: Dodged            |    22 |    97 |   105 |   312 |  1003 |  1227 |   912 |   593 ||  4271
Block: Other             |       |     8 |    30 |       |    33 |       |       |       ||    71
       Buckler           |       |       |    41 |   272 |   556 |   339 |   460 |   245 ||  1913
       Reflection        |       |       |     1 |    21 |    24 |     4 |    34 |    19 ||   103

Table legend: (Time is in decaauts)
 A = Elapsed time spent in this place.
 B = Non-inter-level travel time spent in this place.
 C = Inter-level travel time spent in this place.
 D = Time resting spent in this place.
 E = Time spent auto-exploring this place.
 F = Levels seen in this place.
 G = Mean time per level.
                   A        B        C        D        E       F      G
               +--------+--------+--------+--------+--------+-----+--------+
         Total |  76401 |  71872 |   4529 |  36636 |  19371 |  52 | 1469.2 |
       Dungeon |  17722 |  16486 |   1236 |   7453 |   6121 |  15 | 1181.5 |
        Temple |    220 |    211 |      9 |      0 |    208 |   1 |  220.0 |
          Lair |   8069 |   7480 |    589 |   2983 |   2996 |   6 | 1344.8 |
         Swamp |   5542 |   5048 |    494 |   1863 |   1920 |   4 | 1385.5 |
     Snake Pit |   8384 |   7988 |    396 |   4568 |   1774 |   4 | 2096.0 |
  Orcish Mines |   4278 |   4063 |    215 |   2553 |    697 |   2 | 2139.0 |
   Elven Halls |  10224 |   9616 |    608 |   6297 |   1318 |   3 | 3408.0 |
        Vaults |   6123 |   5805 |    318 |   2390 |   2097 |   4 | 1530.8 |
        Depths |  12270 |  11611 |    659 |   7215 |   2199 |   5 | 2454.0 |
         Abyss |   3401 |   3401 |      0 |   1264 |      6 |   6 |  566.8 |
        Bazaar |     46 |     46 |      0 |      0 |     32 |   1 |   46.0 |
      Ice Cave |    117 |    117 |      0 |     47 |      0 |   1 |  117.0 |
               +--------+--------+--------+--------+--------+-----+--------+

Top non-repeatable levels by time:
   Elf:3: 5546 daAuts
Depths:2: 3573 daAuts
Depths:4: 3275 daAuts
 Snake:3: 2984 daAuts
Depths:3: 2961 daAuts
  Lair:6: 2841 daAuts
   Elf:2: 2608 daAuts
   Orc:1: 2313 daAuts
 Swamp:4: 2270 daAuts
    D:12: 2243 daAuts
 Snake:4: 2086 daAuts
   Elf:1: 2069 daAuts
   Orc:2: 1964 daAuts
Vaults:1: 1926 daAuts
 Snake:2: 1867 daAuts
